 Dungeon Crawl Stone Soup version 0.26-b1-32-g5d43845318 (webtiles) character file.

Game seed: 11152414456238075485

3008 MTVSty1e the Cleaver (level 9, -12/85 HPs)
             Began as a Minotaur Monk on Jan 11, 2021.
             Was a Believer of Okawaru.
             Mangled by a swamp worm (21 damage)
             ... on level 8 of the Dungeon.
             The game lasted 00:11:11 (9341 turns).

MTVSty1e the Cleaver (Minotaur Monk)                Turns: 9341, Time: 00:11:12

Health: -12/85     AC:  8    Str: 20    XL:     9   Next: 54%
Magic:  8/8        EV:  6    Int:  7    God:    Okawaru [**....]
Gold:   394        SH: 11    Dex: 12    Spells: 8/8 levels left

rFire    + . .     SeeInvis .   j - +1 war axe
rCold    . . .     Faith    .   u - +0 tower shield
rNeg     . . .     Spirit   .   d - +1 scale mail {rPois}
rPois    +         Reflect  .   (helmet restricted)
rElec    .         Harm     .   g - +0 cloak
rCorr    .         Rampage  .   (no gloves)
Will     .....                  (no boots)
Stlth    ..........             (no amulet)
HPRegen  0.24/turn              a - ring of protection from fire
MPRegen  0.11/turn              l - ring of wizardry

@: about to teleport
A: retaliatory headbutt, horns 2
a: Renounce Religion, Heroism


You were on level 8 of the Dungeon.
You worshipped Okawaru.
Okawaru was pleased with you.
You visited 2 branches of the dungeon, and saw 9 of its levels.
You also visited: Ossuary.

You collected 394 gold pieces.

Inventory:

Hand Weapons
 j - a +1 war axe (weapon)
 r - a +1 dire flail of draining
Armour
 d - a +1 scale mail of poison resistance (worn)
 g - a +0 cloak (worn)
 u - a +0 tower shield (worn)
Jewellery
 a - a ring of protection from fire (left hand)
 l - a ring of wizardry (right hand)
Wands
 b - a wand of flame (18)
 p - a wand of digging (5)
 s - a wand of random effects (21)
 x - a wand of acid (13)
 z - a wand of enslavement (8)
Scrolls
 c - 4 scrolls of identify
 i - 6 scrolls of remove curse
 n - a scroll of teleportation
 o - 2 scrolls of amnesia
 q - 3 scrolls of enchant weapon
 w - a scroll of fog
Potions
 e - a potion of attraction
 f - a potion of curing
 h - a potion of might
 k - 2 potions of magic
 m - 4 potions of flight
 v - a potion of cancellation {unknown}
 A - a potion of ambrosia


   Skills:
 + Level 9.9 Fighting
 * Level 13.0 Axes
 - Level 3.2 Dodging
 - Level 1.5 Stealth


You had 8 spell levels left.
You didn't know any spells.
Your spell library contained the following spells:

 Spells                   Type           Power        Failure   Level
 Beastly Appendage        Tmut           0%           100%        1
 Wereblood                Tmut           0%           100%        2
 Spider Form              Tmut/Pois      0%           100%        3
 Ice Form                 Ice/Tmut       0%           100%        4
 Blade Hands              Tmut           0%           100%        5


Dungeon Overview and Level Annotations

Branches:
Dungeon (8/15)             Temple (1/1) D:5         Ossuary (visited)
   Lair: D:8-11

Altars:
Ashenzari
Cheibriados
Dithmenos
Elyvilon
Fedhas
Gozag
Hepliaklqana
Kikubaaqudgha
Makhleb
Nemelex Xobeh
Okawaru
Qazlal
Ru
Sif Muna
Trog
Uskayaw
Vehumet
Wu Jian
Yredelemnul
Zin
The Shining One

Shops:
D:5 !


Innate Abilities, Weirdness & Mutations

You reflexively headbutt those who attack you in melee.
You have a pair of horns on your head.


Message History

As you read the scroll of teleportation, it crumbles to dust.
You feel strangely unstable.
The swamp worm fires a harpoon shot at you.
The harpoon shot hits you.
You are yanked forward by the harpoon shot.
The goblin throws a boomerang.
The boomerang barely misses you.
The weapon returns to the goblin!
The swamp worm fires a harpoon shot at you.
The harpoon shot hits you!
* * * LOW HITPOINT WARNING * * *
You are yanked forward by the harpoon shot.
The bullfrog skeleton barely misses you.
The swamp worm fires a harpoon shot at you.
The harpoon shot hits you.
* * * LOW HITPOINT WARNING * * *
You are yanked forward by the harpoon shot.
The bullfrog skeleton hits you.
* * * LOW HITPOINT WARNING * * *
The swamp worm bites you!!
You die...

..# #.# ## ## #.# #.. ..
######## ## #.# #.# #.#
#......# .###.# #.####.#
#...... .....#
#.#.##.###...## .##..#
#....Yw@......#
.....#####.....lZ.#......#
.##.#.........g≈≈≈≈......#
.##.#.####.#.≈≈≈≈≈≈≈........
.##.#.# #.≈≈≈≈###≈≈≈≈##.###
.##.#.# #.≈≈≈###≈###≈≈≈..#
.##.#.# #.≈≈## ≈≈#≈≈≈# #
....#.# #.≈≈# ≈≈≈≈≈##
.####.. ..≈≈# #P≈≈.##


You could see a yak, a basilisk, a swamp worm, a goblin and a bullfrog skeleton.

Vanquished Creatures
  Prince Ribbit (D:7)
  Grinder (D:6)
  2 wraiths (Ossuary)
  Edmund (D:6)
  A water moccasin (D:7)
  An ice beast (D:8)
  An orc warrior (D:7)
  A sky beast (D:5)
  5 ogres
  2 centaurs (D:6)
  A bullfrog (D:6)
  A water moccasin zombie (D:6)
  2 wights (Ossuary)
  3 hounds (D:7)
  6 orc wizards
  5 orc priests
  A jelly (D:8)
  2 iguanas
  8 worker ants
  Ijyb (D:3)
  2 hound skeletons (D:7)
  Robin (D:2)
  8 gnolls
  7 adders
  2 white imps
  An ufetubus (D:8)
  2 oozes
  An adder skeleton (D:4)
  4 worms (D:2)
  2 dart slugs (D:1)
  3 leopard geckos
  16 orcs
  5 bats
  8 giant cockroaches
  14 goblins
  5 hobgoblins
  13 jackals
  2 quokkas (D:4)
  3 ball pythons (D:3)
  A ball python skeleton (Ossuary)
  7 frilled lizards
  2 hobgoblin skeletons (Ossuary)
  3 hobgoblin zombies (Ossuary)
  A jackal skeleton (D:4)
  6 kobolds
  A kobold zombie (Ossuary)
  A leopard gecko skeleton (D:4)
  3 orc skeletons (Ossuary)
  5 rats
175 creatures vanquished.

Vanquished Creatures (others)
  2 fungi (D:3)
  5 plants
7 creatures vanquished.

Grand Total: 182 creatures vanquished

Notes
Turn   | Place    | Note
-------+----------+-------------------------------------------
     0 | D:1      | MTVSty1e the Minotaur Monk began the quest for the Orb.
     0 | D:1      | Reached XP level 1. HP: 19/19 MP: 0/0
   328 | D:1      | Reached skill level 4 in Axes
   380 | D:1      | Reached XP level 2. HP: 27/27 MP: 1/1
   712 | D:1      | Reached XP level 3. HP: 29/33 MP: 2/2
  1233 | D:2      | Reached skill level 5 in Axes
  1563 | D:2      | Noticed Robin
  1571 | D:2      | Reached XP level 4. HP: 33/41 MP: 3/3
  1577 | D:2      | Killed Robin
  2309 | D:3      | Reached skill level 6 in Axes
  2311 | D:3      | Reached XP level 5. HP: 23/47 MP: 4/4
  2482 | D:3      | You fall into a shaft and drop 1 floor!
  2519 | D:4      | Reached skill level 5 in Fighting
  2606 | D:4      | Noticed an ogre
  2616 | D:4      | HP: 1/48 [ogre/+0 giant club (11)]
  2618 | D:4      | Killed an ogre
  3054 | D:4      | Reached skill level 7 in Axes
  3054 | D:4      | Reached XP level 6. HP: 47/56 MP: 5/5
  3213 | D:3      | Found a blossoming altar of Fedhas.
  3464 | D:3      | Noticed Ijyb
  3472 | D:3      | Killed Ijyb
  3636 | D:3      | Found a sacrificial altar of Ru.
  3725 | D:4      | Identified the +0 leather armour of Poor Excuses {rElec rF+
                  | Str+2}
  4343 | D:4      | Reached skill level 8 in Axes
  4343 | D:4      | Reached XP level 7. HP: 55/63 MP: 6/6
  4595 | D:5      | Entered Level 5 of the Dungeon
  4798 | D:5      | Found a staircase to the Ecumenical Temple.
  4855 | Temple   | Entered the Ecumenical Temple
  5066 | D:5      | Reached skill level 9 in Axes
  5176 | D:5      | Found Qisusa's Distillery.
  5481 | D:6      | Found a sand-covered staircase.
  5490 | Ossuary  | Entered an ossuary
  5586 | Ossuary  | Noticed a wraith
  5586 | Ossuary  | Noticed a flying skull
  5619 | Ossuary  | Noticed a flying skull
  5627 | Ossuary  | Noticed a wraith
  5657 | Ossuary  | Killed a wraith
  5658 | Ossuary  | Reached XP level 8. HP: 20/73 MP: 7/7
  5931 | Ossuary  | Noticed a flying skull
  5943 | Ossuary  | Reached skill level 10 in Axes
  5973 | Ossuary  | Noticed a flying skull
  6023 | Ossuary  | Noticed a flying skull
  6291 | D:6      | Noticed Grinder
  6293 | D:6      | Paralysed by Grinder for 7 turns
  6531 | D:7      | Reached skill level 11 in Axes
  6926 | D:7      | Noticed Prince Ribbit
  6935 | D:7      | Found a hide-covered altar of Uskayaw.
  6953 | D:7      | Killed Prince Ribbit
  7058 | D:7      | Reached XP level 9. HP: 62/83 MP: 8/8
  7303 | D:6      | Reached skill level 12 in Axes
  7368 | D:6      | Noticed Edmund
  7379 | D:6      | Killed Edmund
  7552 | D:6      | Found an ornate altar of the Wu Jian Council.
  7586 | D:6      | Found an iron altar of Okawaru.
  7603 | D:6      | Became a worshipper of Warmaster Okawaru
  7603 | D:6      | Reached * piety under Okawaru
  7603 | D:6      | Reached ** piety under Okawaru
  8078 | D:6      | Killed Grinder
  9212 | D:8      | Noticed an elephant
  9228 | D:8      | Found a snail-covered altar of Cheibriados.
  9306 | D:8      | Reached skill level 13 in Axes
  9341 | D:8      | Mangled by a swamp worm

Illustrated notes

Levels and vault maps discovered:
D:1:      lemuel_arrival_river_ford, layout_loops_ring, serial_bayou_pond_c,
          glass_columns_a
D:2:      layout_basic, minmay_split_cup_large, uniq_robin
D:3:      layout_loops_ring, fedhas_altar_3, marbit_many_paths,
          cheibrodos_sewer_entry_sluice, kennysheep_decorative_pillar, uniq_ijyb
D:4:      layout_basic
D:5:      layout_basic, minmay_temple_entry_crystal_x, serial_shops, shop
D:6:      layout_layer_cave, old_standard_altar, nzn_wu_jian_contemplation,
          lightli_ossuary_entry_decrepit_ruins, uniq_grinder, uniq_edmund
D:7:      layout_cave_pools, basic_altar, uniq_prince_ribbit1
D:8:      layout_loops_corners, nicolae_overflow_crystal_walls,
          david_lair_generic, enter_bailey_5, worms_lemuel
Temple:   eino_temple_rhombus

Skill      XL: |  1  2  3  4  5  6  7  8  9 |
---------------+----------------------------+-----
Axes           | 4 5 6 7 8 9 11 13 | 13.0
Fighting       | 4 5 6 7 9 |  9.9
Dodging        | |  3.2
Stealth        | |  1.5

Action                   |  1- 3 |  4- 6 |  7- 9 || total
-------------------------+-------+-------+-------++-------
Melee: Hand axe          |    87 |    26 |       ||   113
       Headbutt          |    12 |    22 |    46 ||    80
       War axe           |       |   136 |   262 ||   398
Evoke: Wand              |       |       |     6 ||     6
  Use: Scroll            |       |     3 |    12 ||    15
       Potion            |       |     5 |     6 ||    11
 Stab: Sleeping          |     3 |       |       ||     3
Armor: Robe              |     5 |       |       ||     5
       Leather armour    |     2 |     3 |       ||     5
       Scale mail        |       |    59 |   101 ||   160
Dodge: Dodged            |    45 |    99 |    54 ||   198
Block: Tower shield      |       |       |   139 ||   139
